 Dungeon Crawl Stone Soup version 0.31.0 (webtiles) character file.

Game seed: 1267276297388887053

8867 ces the Cleaver (level 11, -10/94 HPs)
             Began as a Minotaur Berserker on Jan 20, 2024.
             Was a Priest of Trog.
             Mangled by a skeletal warrior
             ... wielding a +0 trident
              (15 damage)
             ... on level 14 of the Dungeon.
             The game lasted 00:23:17 (10669 turns).

ces the Cleaver (Minotaur Berserker)               Turns: 10669, Time: 00:23:17

Health: -10/94     AC:  8    Str: 24    XL:     11   Next: 15%
Magic:  10/10      EV: 18    Int:  4    God:    Trog [***...]
Gold:   2886       SH:  0    Dex: 17    Spells: 10/10 levels left

rFire   . . .        D - +0 war axe
rCold   . . .        I - +0 buckler
rNeg    . . .        B - +0 scale mail
rPois   +            (helmet restricted)
rElec   .            (no cloak)
rCorr   .            (no gloves)
SInv    .            (no boots)
Will    .....        (no amulet) Stlth
                     a - ring "Umuecsupt" {^Contam +Blink rPois EV+5 Dex+5}
HPRegen 0.35/turn    (no ring)
MPRegen 0.12/turn

%: no passive effects
@: confused, ambrosia-drunk, hasted, very quick
A: horns 2, retaliatory headbutt
a: Renounce Religion, Evoke Blink, Berserk, Trog's Hand


You were on level 14 of the Dungeon.
You worshipped Trog.
Trog was most pleased with you.
You visited 1 branch of the dungeon, and saw 12 of its levels.
You also visited: Ossuary.

You collected 2886 gold pieces.

Inventory:

Hand Weapons
 D - a +0 war axe (weapon)
Armour
 b - a +1 animal skin
 B - a +0 scale mail (worn)
 I - a +0 buckler (worn)
Jewellery
 a - the ring "Umuecsupt" (left hand) {^Contam +Blink rPois EV+5 Dex+5}
   (You acquired it on level 8 of the Dungeon)

   [ring of evasion]

   EV+5:      It affects your evasion (+5).
   Dex+5:     It affects your dexterity (+5).
   rPois:     It protects you from poison +Blink: It lets you blink.
   ^Contam:   It causes magical contamination when unequipped.
 h - a ring of protection from fire
 j - an amulet of reflection
 t - a ring of protection from cold
Wands
 y - a wand of mindburst (2)
 E - a wand of paralysis (6)
 F - a wand of digging (7)
 H - a wand of iceblast (2)
Scrolls
 d - 2 scrolls of fog
 f - 3 scrolls of enchant armour
 i - 4 scrolls of enchant weapon
 k - 2 scrolls of vulnerability
 l - 4 scrolls of teleportation
 n - a scroll of revelation
 o - a scroll of amnesia {unknown}
 q - 2 scrolls of blinking
 s - a scroll of summoning {unknown}
 v - a scroll of immolation {unknown}
 x - a scroll of noise {unknown}
 G - a scroll of brand weapon {unknown}
 J - a scroll of identify
Potions
 c - 2 potions of attraction
 m - 3 potions of curing
 p - 2 potions of enlightenment
 r - 3 potions of heal wounds {unknown}
 u - a potion of brilliance
 w - a potion of haste
 z - 3 potions of might {unknown}
 A - 3 potions of cancellation {unknown}
 C - 3 potions of lignification {unknown}


   Skills:
 - Level 7.8 Fighting
 + Level 14.9 Axes
 - Level 10.2 Armour
 - Level 5.6 Dodging
 - Level 3.6 Stealth
 + Level 3.4 Shields
 - Level 0.4 Evocations


You had 10 spell levels left.
You didn't know any spells.
Your spell library was empty.

Dungeon Overview and Level Annotations

Branches:
Dungeon (14/15)            Temple (0/1) D:6            Lair (0/5) D:11
    Orc (0/2) D:9         Ossuary (visited)
 Vaults: D:13-14

Altars:
Ashenzari
Dithmenos
Kikubaaqudgha
Makhleb
Nemelex Xobeh
Qazlal
Trog
Vehumet
Xom
Yredelemnul

Shops:
D:3 *   D:8 :   D:11 ?

Annotations:
D:7 3 runed translucent doors, SuperJoe's ghost, novice DjEn
D:14 Kirke


Innate Abilities, Weirdness & Mutations

You have a pair of horns on your head.
You reflexively headbutt those who attack you in melee.


Message History

Kirke flickers and vanishes!
Deactivating autopickup; reactivate with Ctrl-A.
The sphinx casts a spell.
Something smites you!
As you read the scroll of fear, it crumbles to dust.
You assume a fearsome visage.
The hog looks frightened! x3
The purple ugly thing looks frightened! x4
The red ugly thing looks frightened!
The skeletal warrior is unaffected.
The sphinx resists with some effort.
The skeletal warrior hits you from afar with a +0 trident!
Okay, then.
The skeletal warrior misses you.
The sphinx mumbles some strange words.
You are confused.
The skeletal warrior hits you from afar with a +0 trident!
The skeletal warrior attacks as it pursues you!
The skeletal warrior closely misses you.
You are too confused!
You feel yourself speed up.
The skeletal warrior closely misses you.
A manticore comes into view.
The sphinx mumbles some strange words.
Something smites you!
The skeletal warrior hits you with a +0 trident!
* * * LOW HITPOINT WARNING * * *
You slash the skeletal warrior!
The skeletal warrior is lightly damaged.
You are too confused!
You are more confused.
You feel invigorated. The skeletal warrior misses you.
There are monsters nearby!
The skeletal warrior hits you with a +0 trident!
* * * LOW HITPOINT WARNING * * *
The sphinx hits you!!
* * * LOW HITPOINT WARNING * * *
The sphinx hits you.
* * * LOW HITPOINT WARNING * * *
The sphinx misses you.
The skeletal warrior hits you with a +0 trident!
You die...

...............
...............
...............#
...............#
.....H...........
.................
................
................
.......@.....####
......Hz.##.#....
.......u.......##
.................
.....<.u.........
............$....
...........[.....
###.....#........
......$.........


You could see a sphinx (summoned), 2 ugly things, a skeletal warrior and a
manticore.

Vanquished Creatures
  A two-headed ogre (D:11)
  An ugly thing (D:10)
  A manticore (D:11)
  Jeremiah (D:7)
  A gargoyle (D:11)
  2 trolls
  A hornet (D:10)
  Grinder (D:6)
  Sigmund (D:4)
  A slime creature (D:9)
  14 yaks
  A wyvern (D:8)
  A steam dragon (D:7)
  2 acid dragons
  A water moccasin (D:7)
  3 ice beasts
  2 orc warriors (D:11)
  A black bear (D:5)
  A centaur (D:7)
  Blork the orc (D:5)
  A bullfrog (D:7)
  2 scorpions
  A burial acolyte (Ossuary)
  7 wights
  14 killer bees
  A vampire bat (D:5)
  3 howler monkeys (D:8)
  4 hounds
  9 jellies
  An iguana (D:5)
  8 orc priests
  12 orc wizards
  A mummy (Ossuary)
  4 gnolls (D:7)
  4 adders
  2 ufetubi (D:7)
  2 dart slugs
  A ribbon worm (D:2)
  29 orcs
  4 bats
  4 bat skeletons (D:5)
  2 bat zombies (D:5)
  18 endoplasms
  A giant cockroach (D:3)
  2 goblins
  6 hobgoblins
  8 jackals
  2 quokkas
  A ball python (D:1)
  3 frilled lizards
  9 gnoll skeletons (Ossuary)
  6 kobolds
  5 kobold skeletons (Ossuary)
  6 orc skeletons (Ossuary)
  8 rats
229 creatures vanquished.

Notes
Turn   | Place    | Note
-------+----------+-------------------------------------------
     0 | D:1      | ces the Minotaur Berserker began the quest for the Orb.
     0 | D:1      | Reached XP level 1. HP: 19/19 MP: 0/0
   217 | D:1      | Reached skill level 4 in Axes
   302 | D:1      | Reached XP level 2. HP: 26/26 MP: 1/1
   753 | D:2      | Found a faded altar of an unknown god.
   755 | D:2      | Reached skill level 5 in Axes
   766 | D:2      | Reached XP level 3. HP: 31/31 MP: 2/2
  1683 | D:3      | Reached skill level 1 in Stealth
  1685 | D:3      | Reached XP level 4. HP: 39/39 MP: 3/3
  1795 | D:3      | Found Juicic's Assorted Antiques.
  1814 | D:3      | Found a shadowy altar of Dithmenos.
  2503 | D:4      | Noticed Sigmund
  2555 | D:4      | Found a radiant altar of Vehumet.
  2555 | D:4      | Found a broken altar of Ashenzari.
  2722 | D:4      | Found a burning altar of Makhleb.
  2845 | D:4      | Killed Sigmund
  2846 | D:4      | Reached skill level 7 in Axes
  2846 | D:4      | Reached XP level 5. HP: 45/45 MP: 4/4
  2904 | D:4      | Reached ** piety under Trog
  2919 | D:4      | Found a bloodstained altar of Trog.
  2926 | D:4      | Reached XP level 6. HP: 51/51 MP: 5/5
  3247 | D:5      | Entered Level 5 of the Dungeon
  3387 | D:5      | Found a sand-covered staircase.
  3412 | Ossuary  | Entered an ossuary
  3415 | Ossuary  | Found an ancient bone altar of Kikubaaqudgha.
  3435 | Ossuary  | Reached skill level 8 in Axes
  3443 | Ossuary  | Reached XP level 7. HP: 49/57 MP: 6/6
  3768 | D:5      | Reached skill level 9 in Axes
  3843 | D:5      | Noticed Blork the orc
  3854 | D:5      | Killed Blork the orc
  4158 | D:5      | Found a shimmering altar of Xom.
  4202 | D:5      | Found an ancient bone altar of Kikubaaqudgha.
  4759 | D:6      | Reached skill level 10 in Axes
  5017 | D:6      | Noticed Grinder
  5024 | D:6      | Killed Grinder
  5025 | D:6      | Reached XP level 8. HP: 67/67 MP: 7/7
  5185 | D:6      | Found a staircase to the Ecumenical Temple.
  5457 | D:7      | Reached skill level 11 in Axes
  5566 | D:7      | Reached skill level 5 in Fighting
  5642 | D:7      | Noticed Jeremiah
  5662 | D:8      | Identified 3 scrolls of acquirement
  5662 | D:8      | Acquired the ring "Umuecsupt" {^Contam +Blink rPois EV+5
                  | Dex+5}
  5730 | D:7      | Acquired 823 gold pieces
  5733 | D:7      | Acquired 1396 gold pieces
  5757 | D:7      | Killed Jeremiah
  5862 | D:7      | Reached skill level 12 in Axes
  5862 | D:7      | Reached XP level 9. HP: 74/74 MP: 8/8
  6202 | D:7      | Found a runed translucent gate.
  6202 | D:7      | Found a runed translucent gate.
  6202 | D:7      | Found a runed translucent gate.
  6205 | D:7      | Noticed a spectral unseen horror
  6374 | D:7      | Found a sparkling altar of Nemelex Xobeh.
  6388 | D:7      | Found a stormy altar of Qazlal.
  6507 | D:7      | Noticed SuperJoe's ghost (novice DjEn)
  6567 | D:8      | Reached skill level 5 in Armour
  6576 | D:8      | Reached *** piety under Trog
  6577 | D:8      | Reached skill level 13 in Axes
  6946 | D:8      | Reached XP level 10. HP: 84/84 MP: 9/9
  7020 | D:8      | Found Cowaas's Book Emporium.
  7532 | D:9      | Found a staircase to the Orcish Mines.
  8001 | D:9      | Reached **** piety under Trog
  8417 | D:10     | Entered Level 10 of the Dungeon
  8592 | D:10     | Found a basalt altar of Yredelemnul.
  8663 | D:10     | Reached skill level 14 in Axes
  8784 | D:10     | Noticed a purple ugly thing
  8794 | D:10     | Killed a purple ugly thing
  9036 | D:10     | Reached skill level 5 in Dodging
  9914 | D:11     | Found Gihev's Magic Scroll Shoppe.
  9946 | D:11     | Identified the +1 sling of Eternal Vigilance {drain, rElec
                  | Str+2}
 10052 | D:11     | Noticed a manticore
 10060 | D:11     | Killed a manticore
 10167 | D:11     | Noticed a gargoyle
 10173 | D:11     | Killed a gargoyle
 10360 | D:11     | Noticed a two-headed ogre
 10369 | D:11     | Killed a two-headed ogre
 10370 | D:11     | Reached skill level 10 in Armour
 10592 | D:11     | Reached skill level 1 in Shields
 10594 | D:11     | Reached XP level 11. HP: 94/94 MP: 10/10
 10648 | D:11     | You fall into a shaft and drop 3 floors!
 10651 | D:14     | Noticed a purple ugly thing
 10651 | D:14     | Noticed a purple ugly thing
 10652 | D:14     | Noticed Kirke
 10652 | D:14     | Noticed a purple ugly thing
 10652 | D:14     | Noticed a purple ugly thing
 10652 | D:14     | Noticed a skeletal warrior
 10653 | D:14     | Noticed a purple ugly thing
 10654 | D:14     | Noticed a purple ugly thing
 10656 | D:14     | Noticed a sphinx
 10668 | D:14     | HP: 3/94 [sphinx[Kirke] (4)]
 10669 | D:14     | Mangled by a skeletal warrior

Illustrated notes

Levels and vault maps discovered:
D:1:      lemuel_arrival_broad_hall, layout_loops_ring, corexii_hall_statues_u
D:2:      layout_basic, ebering_ecumenical_altar_webs
D:3:      layout_basic, grunt_dithmenos_smoke_and_mirrors, serial_shops,
          nicolae_shop_rolling_square
D:4:      nicolae_cairo_tiling_very_big, layout_loops_ring,
          mainiacjoe_overflow_paths, grunt_temple_overflow_open,
          nrook_loot_triangle, uniq_sigmund
D:5:      layout_loops_ring, xom_teletrap_fun, kennysheep_vampire_church,
          nicolae_ossuary_entry_false_entrances, uniq_blork_the_orc
D:6:      layout_cave_pools, minmay_temple_entry_gardened_gates, uniq_grinder
D:7:      layout_rooms, jmf_multi_god_temple2, gammafunk_ghost_necromancy,
          kennysheep_generic_room_8, uniq_jeremiah
D:8:      layout_cave_pools, serial_shops, kennysheep_little_box
D:9:      lemuel_slime, layout_layer_cave, david_orc_3
D:10:     layout_loops_ring, mainiacjoe_overflow_concentric_impassable
D:11:     layout_gridville, lair_entry_dummy, serial_shops, shop,
          uniq_josephine, uniq_erica
D:14:     layout_rooms, minmay_misc_feat_chi, uniq_kirke, uniq_louise

Skill      XL: |  1  2  3  4  5  6  7  8  9 10 11 |
---------------+----------------------------------+-----
Axes           | 4 5 7 8 10 12 13 14 | 14.9
Stealth        | 1 2 3 |  3.6
Fighting       | 4 5 6 7 |  7.8
Dodging        | 4 5 |  5.6
Armour         | 3 7 10 | 10.2
Shields        | 1 3 |  3.4
Evocations     | |  0.4

Action                     |  1- 3 |  4- 6 |  7- 9 | 10-12 || total
---------------------------+-------+-------+-------+-------++-------
  Melee: Hand axe          |    83 |    56 |   116 |       ||   255
         Headbutt          |     7 |    13 |    39 |    33 ||    92
         Punch             |     1 |     2 |     1 |     1 ||     5
         War axe           |       |       |    91 |   167 ||   258
 Invoke: Berserk           |     2 |     4 |     9 |     8 ||    23
         Trog's Hand       |       |       |     5 |     5 ||    10
Ability: Evoke Blink       |       |       |     1 |     1 ||     2
  Evoke: Wand              |       |       |       |     2 ||     2
    Use: Scroll            |       |     7 |     6 |     5 ||    18
         Potion            |       |       |       |     3 ||     3
   Stab: Sleeping          |     3 |     2 |     3 |       ||     8
 Armour: Animal skin       |    38 |    32 |    66 |       ||   136
         Scale mail        |       |       |    62 |   114 ||   176
  Dodge: Dodged            |    48 |    21 |   136 |    95 ||   300
  Block: Buckler           |       |       |       |    12 ||    12
